 Dungeon Crawl Stone Soup version 0.24-a0-613-g1ff6aac338 (webtiles) character file.

Game seed: 8841307914900722231, levelgen mode: deterministic

77 DEFE the Firebug (level 4, -4/24 HPs)
             Began as a Deep Elf Fire Elementalist on Sept 12, 2019.
             Slain by an orc priest
             ... wielding a +0 trident
              (9 damage)
             ... on level 6 of the Dungeon.
             The game lasted 00:04:59 (2736 turns).

DEFE the Firebug (Deep Elf Fire Elementalist)       Turns: 2736, Time: 00:05:00

Health: -4/24      AC:  3    Str:  5    XL:     4   Next: 13%
Magic:  8/12       EV: 13    Int: 21    God:
Gold:   95         SH:  0    Dex: 15    Spells: 7/11 levels left

rFire    . . .     SeeInvis .   k - +1 dagger
rCold    . . .     Gourm    .   (no shield)
rNeg     + . .     Faith    .   a - +1 robe
rPois    .         Spirit   .   (no helmet)
rElec    .         Reflect  .   (no cloak)
rCorr    .         Harm     .   (no gloves)
MR       .....                  (no boots)
Stlth    ++........             (no amulet)
HPRegen  0.08/turn              n - ring of positive energy
MPRegen  0.13/turn              (no ring)

@: no status effects
A: no striking features
a: no special abilities


You were on level 6 of the Dungeon.
You were not hungry.

You visited 1 branch of the dungeon, and saw 4 of its levels.

You collected 95 gold pieces.

Inventory:

Hand Weapons
 b - a +0 short sword
 k - a +1 dagger (weapon)
 p - a +0 quarterstaff
Armour
 a - a +1 robe (worn)
Jewellery
 n - a ring of positive energy (left hand)
Scrolls
 d - a scroll of magic mapping
 f - 2 scrolls of identify
 j - a scroll of fear {unknown}
 l - 2 scrolls of teleportation {unknown}
 m - 2 scrolls of fog {unknown}
Potions
 e - a potion of curing {unknown}
 g - a potion of degeneration {unknown}
 o - a potion of agility {unknown}
 q - a potion of might {unknown}
 r - a potion of heal wounds {unknown}
Comestibles
 c - 2 rations


   Skills:
 + Level 0.4 Short Blades
 - Level 2.4 Dodging
 + Level 2.9 Stealth
 + Level 4.0 Spellcasting
 + Level 1.7 Conjurations
 + Level 4.4 Fire Magic


You had 7 spell levels left.
You knew the following spells:

 Your Spells              Type           Power        Failure   Level  Hunger
a - Flame Tongue          Conj/Fire      ###..        3%          1    None
b - Conjure Flame         Conj/Fire      ###.....     10%         3    ###....

Your spell library contained the following spells:

 Spells                   Type           Power        Failure   Level  Hunger
 Throw Flame              Conj/Fire      ###...       4%          2    #......
 Inner Flame              Hex/Fire       ##......     14%         3    ###....
 Sticky Flame             Conj/Fire      ###.....     32%         4    ####...
 Fireball                 Conj/Fire      ###.......   67%         5    ######.


Dungeon Overview and Level Annotations

Branches:
Dungeon (3/15)

Altars:
Xom


Message History

The orc wizard mumbles some strange words.
The orc wizard flickers and vanishes!
Deactivating autopickup; reactivate with Ctrl-A.
The orc priest looks satisfied for a moment.
As you read the scroll labeled LICUNO SICIQUJ, it crumbles to dust.
It is a scroll of enchant armour.
Your +0 robe glows green for a moment.
The orc wizard barely misses you.
The orc priest mumbles some strange prayers to Beogh against you.
Beogh smites you!
Ouch! That really hurt!
* * * LOW HITPOINT WARNING * * *
You take 13 damage, and have 5/24 hp.
MASSIVE DAMAGE!!
As you read the scroll labeled SANEIS DAZASU, it crumbles to dust.
It is a scroll of enchant weapon.
Your +0 dagger glows red for a moment.
The orc wizard hits you but does no damage.
Something hits you but does no damage.
The orc priest hits you from afar with a +0 trident!
You die...

#########
#...o@..#
#...oo{.#
#(...o..#
#.......#
#.......#
#........
#.........
#..........


You could see an orc priest, an orc wizard and 2 orcs.

Vanquished Creatures
  2 adders (D:2)
  An ooze (D:2)
  5 worms (D:2)
  3 goblins
  4 hobgoblins
  8 jackals
  2 quokkas (D:2)
  5 bats
  A frilled lizard (D:2)
  4 kobolds
  4 rats
39 creatures vanquished.

Notes
Turn   | Place    | Note
-------+----------+-------------------------------------------
     0 | D:1      | DEFE the Deep Elf Fire Elementalist began the quest for the
                  | Orb.
     0 | D:1      | Reached XP level 1. HP: 10/10 MP: 6/6
   388 | D:1      | Reached XP level 2. HP: 15/15 MP: 4/8
  1316 | D:2      | Reached XP level 3. HP: 19/19 MP: 1/10
  1421 | D:2      | Found a shimmering altar of Xom.
  1867 | D:2      | Learned a level 3 spell: Conjure Flame
  2011 | D:2      | Reached XP level 4. HP: 24/24 MP: 7/12
  2728 | D:3      | You fall into a shaft and drop 3 floors!
  2736 | D:6      | Slain by an orc priest

Levels and vault maps discovered:
D:1:      dpeg_arrival_brainrot, layout_basic, minmay_tromino_mix6
D:2:      layout_basic, old_standard_altar
D:3:      layout_basic, marbit_many_paths, bloody_trog,
          overflow_temple_1_default, chequers_temple_overflow_statue_of_worship
D:6:      layout_rooms, corner_web_ring, columned_hall_lemuel, uniq_duvessa

Skill      XL: |  1  2  3 |
---------------+----------+-----
Fire Magic     | 4 |  4.4
Spellcasting   | 4 |  4.0
Short Blades   | |  0.4
Dodging        | |  2.4
Stealth        | |  2.9
Conjurations   | |  1.7

Action                   |  1- 3 |  4- 6 || total
-------------------------+-------+-------++-------
Melee: Short sword       |     9 |       ||     9
       Dagger            |     2 |     5 ||     7
 Cast: Flame Tongue      |    66 |    23 ||    89
  Use: Scroll            |       |     3 ||     3
 Stab: Sleeping          |     1 |       ||     1
  Eat: Chunk             |     3 |       ||     3
       Ration            |       |     1 ||     1
Armor: Robe              |     4 |     5 ||     9
Dodge: Dodged            |    35 |     8 ||    43

Table legend:
 A = Non-vault XP
 B = Vault XP
 C = Vault XP percentage of total XP
 D = Non-vault monster count
 E = Vault monster count
 F = Vault count percentage of total count
                 A         B        C        D         E       F
            +---------+---------+-------+---------+---------+-------
      Total |     105 |       5 |   4.5 |      36 |       3 |   7.7
            +---------+---------+-------+---------+---------+-------
        D:1 |      17 |       5 |  22.7 |      10 |       3 |  23.1
        D:2 |      88 |       0 |   0.0 |      26 |       0 |   0.0
            +---------+---------+-------+---------+---------+-------
